 Dungeon Crawl Stone Soup version 0.20-a0-1116-gaa52201 (webtiles) character file.

331840 Gorglomux the Warrior (level 21, -12/140 HPs)
             Began as a Tengu Air Elementalist on May 8, 2017.
             Was the Champion of Ashenzari.
             Killed from afar by a quicksilver dragon (24 damage)
             ... with a bolt of dispelling energy
             ... on level 1 of the Depths.
             The game lasted 03:08:28 (51186 turns).

Gorglomux the Warrior (Tengu Air Elementalist)     Turns: 51186, Time: 03:08:29

Health: -12/140    AC: 10    Str: 12    XL:     21   Next: 78%
Magic:  12/41      EV: 33    Int: 22    God:    Ashenzari [******]
Gold:   1616       SH: 18    Dex: 20    Spells: 12/50 levels left

rFire    + . .     SeeInvis +   a - +9 morningstar of the Sun {crush, +Fly rF+ Dex+3}
rCold    + . .     Gourm    .   G - +4 shield (curse)
rNeg     . . .     Faith    .   H - +2 robe of Vines {NoPotionHeal Regen+7} (curse)
rPois    +         Spirit   .   (helmet restricted)
rElec    .         Reflect  .   q - +2 cloak (curse)
rCorr    .         Harm     .   J - +2 pair of gloves (curse)
MR       +....     Clarity  +   (boots unavailable)
Stlth    +++++.....             w - amulet of regeneration (curse) {+regen, !d}
Regen    4.6/turn               g - ring of poison resistance (curse) {rPois, !d}
MPRegen  0.3/turn               I - ring of protection from cold (curse) {rC+, !d}

@: flying quickly and evasively, slightly contaminated, regenerating (expiring),
studying Shields, quick
A: beak, talons 3, clever 1, able to fly 2
}: 2/15 runes: barnacled, gossamer
a: Stop Flying, Curse Item, Scrying, Transfer Knowledge, Renounce Religion


You were on level 1 of the Depths.
You worshipped Ashenzari.
Ashenzari was exalted by your worship.
You were near starving.

You visited 7 branches of the dungeon, and saw 37 of its levels.
You also visited: Ice Cave and Volcano.

You collected 3956 gold pieces.
You spent 2340 gold pieces at shops.

Inventory:

Hand Weapons
 a - the +9 morningstar of the Sun (weapon) {crush, +Fly rF+ Dex+3}
   (You found it on level 2 of the Lair of Beasts)

   It inflicts extra damage upon your enemies.
   It affects your dexterity (+3).
   It protects you from fire.
   It lets you fly.
 c - the +5 demon whip "Spellbinder" {antimagic, MR+}
   (You found it in an ice cave)

   It reduces the magical energy of the wielder, and disrupts the spells and
   magical abilities of those hit.
   Natural abilities and divine invocations are not affected.
   It affects your resistance to hostile enchantments.
Missiles
 U - 12 throwing nets {=f, !d}
Armour
 q - a cursed +2 cloak (worn)
   (You found it on level 2 of the Dungeon)
 G - a cursed +4 shield (worn)
   (You bought it in a shop on level 4 of the Dungeon)
 H - the cursed +2 robe of Vines (worn) {NoPotionHeal Regen+7}
   (You found it on level 12 of the Dungeon)

   It increases your rate of regeneration.
   It has a curse placed upon it.
 J - a cursed +2 pair of gloves (worn)
   (You found it on level 7 of the Dungeon)
Magical Staves
 b - an uncursed staff of energy {@w1@w1+MP, hungerless spells, !d!a}
   (You found it on level 12 of the Dungeon)
Jewellery
 g - a cursed ring of poison resistance (left hand) {rPois, !d}
   (You found it on level 1 of the Dungeon)
 i - an uncursed ring of protection from magic {MR+, !d}
   (You found it on level 13 of the Dungeon)
 u - the ring "Imiatowa" {rElec MR+ Int+5 Stlth+}
   (You bought it in a shop on level 2 of the Orcish Mines)

   [ring of stealth]

   It affects your intelligence (+5).
   It insulates you from electricity.
   It affects your resistance to hostile enchantments.
   It makes you more stealthy.
 w - a cursed amulet of regeneration (around neck) {+regen, !d}
   (You found it on level 2 of the Dungeon)
 I - a cursed ring of protection from cold (right hand) {rC+, !d}
   (You found it on level 7 of the Dungeon)
 Q - an uncursed ring of resist corrosion
   (You found it on level 10 of the Dungeon)
Wands
 y - a wand of lightning (3/15)
   (You found it on level 9 of the Dungeon)
 A - a wand of acid (7/15)
   (You took it off an orc on level 13 of the Dungeon)
 K - a wand of iceblast (3/15)
   (You found it on level 9 of the Dungeon)
 O - a wand of digging (14/24)
   (You found it on level 11 of the Dungeon)
 P - a wand of disintegration (5/24)
   (You found it on level 15 of the Dungeon)
Scrolls
 d - 6 scrolls of remove curse
 j - 10 scrolls of identify
 k - a scroll of blinking {!r}
 s - 7 scrolls of recharging
 t - 2 scrolls of fog
 B - 7 scrolls of amnesia
 D - 8 scrolls of magic mapping {!r}
 S - 16 scrolls of teleportation
 T - 8 scrolls of fear
 X - 5 scrolls of immolation {!r}
Potions
 e - 2 potions of might
 h - 6 potions of ambrosia
 o - 2 potions of resistance
 r - 3 potions of haste
 v - 2 potions of magic
 z - 12 potions of curing
 C - 7 potions of lignification {!q}
 E - 3 potions of brilliance
 L - a potion of berserk rage {!q}
 N - 2 potions of cancellation
 Y - 6 potions of mutation {!q}
 Z - a potion of invisibility
Books
 x - a manual of Shields {!d}
   (You found it on level 13 of the Dungeon)
Miscellaneous
 M - a lightning rod (4/4)
   (You found it on level 10 of the Dungeon)
 R - 2 phantom mirrors
Comestibles
 f - 10 royal jellies
 l - 24 meat rations {@e2@e2}
 p - 19 fruits
 V - 21 bread rations {@e1@e1}


   Skills:
 + Level 17.7 Fighting
 - Level 12.0 Maces & Flails
 + Level 15.4(18.0) Dodging
 - Level 6.2(9.3) Stealth
 - Level 12.4(15.0) Shields
 + Level 15.3 Spellcasting
 - Level 16.1(20.0) Conjurations
 - Level 2.4(6.0) Charms
 - Level 10.3(14.5) Necromancy
 - Level 9.2(13.6) Fire Magic
 - Level 7.6(12.1) Ice Magic
 - Level 12.7(16.8) Air Magic
 - Level 2.0(5.3) Evocations


You had 12 spell levels left.
You knew the following spells:

 Your Spells              Type           Power        Failure   Level  Hunger
a - Shock                 Conj/Air       ####         0%          1    None
b - Static Discharge      Conj/Air       #######.     0%          3    None
c - Blink                 Tloc           N/A          4%          2    None
d - Irradiate             Conj/Tmut      ######....   1%          5    ###....
e - Deflect Missiles      Chrm/Air       ######....   4%          6    #####..
f - Fireball              Conj/Fire      ######....   1%          5    ###....
g - Simulacrum            Ice/Necr       ######....   2%          6    #####..
m - Sublimation of Blood  Necr           ######....   0%          2    None
r - Regeneration          Chrm/Necr      ######....   1%          3    None
x - Lightning Bolt        Conj/Air       #######...   1%          5    ###....


Dungeon Overview and Level Annotations

Branches:
Dungeon (15/15)            Temple (0/1) D:7            Lair (6/6) D:9
 Shoals (4/4) Lair:2       Spider (4/4) Lair:2        Slime (0/5) Lair:5
    Orc (2/2) D:12            Elf (0/3) Orc:2        Vaults (4/5) D:13
  Crypt (0/3) Vaults:2     Depths (2/5) D:15

Altars:
Ashenzari
Cheibriados
Elyvilon
Fedhas
Gozag
Hepliaklqana
Kikubaaqudgha
Qazlal
Sif Muna
Trog
Uskayaw
Wu Jian
Xom
Yredelemnul
Zin
The Shining One
Jiyva

Shops:
D:4 [[[(%   D:5 *   D:8 *   D:11 (   D:12 %   Orc:2 !=[*

Portals:
Hell: Depths:1

Annotations:
D:14 exclusion: Roxanne, Roxanne


Innate Abilities, Weirdness & Mutations

You have a beak for a mouth.
You have claws for feet.
You can fly continuously.
Your mind is acute. (Int +2)


Message History

You whack the tengu reaver!
You kill the tengu reaver!
You are near starving!
You block the storm dragon's attack. The storm dragon misses you.
The storm dragon completely misses you.
You regained 2 hp, and now have 43/140 hp.
Your skin crawls.
You block the quicksilver dragon's attack.
The quicksilver dragon barely misses you.
The storm dragon completely misses you. x2; The storm dragon tramples you.
* * * LOW HITPOINT WARNING * * *
You are shoved backwards!
You block the quicksilver dragon's attack.
The quicksilver dragon completely misses you.
You take 1 damage, and have 42/140 hp.
You now have 10/13 mp.
Unknown command.
Your reaper barely misses the storm dragon.
The quicksilver dragon breathes dispelling energy at you.
The bolt of dispelling energy misses you.
The storm dragon breathes lightning at you.
The bolt of lightning misses you.
Your reaper barely misses the storm dragon.
You regained 8 hp, and now have 50/140 hp.
You regained 4 hp, and now have 54/140 hp.
You regained 4 hp, and now have 58/140 hp.
You hit the storm dragon. Your kick misses the storm dragon.
The quicksilver dragon looks more healthy.
You block the quicksilver dragon's attack.
The quicksilver dragon completely misses you.
You block the storm dragon's attack. x2; The storm dragon misses you.
Your reaper barely misses the storm dragon.
You regained 3 hp, and now have 61/140 hp.
You whack the quicksilver dragon!
You peck the quicksilver dragon, but do no damage.
The quicksilver dragon completely misses you.
You block the quicksilver dragon's attack.
The storm dragon breathes lightning at you.
The bolt of lightning misses you.
The tree burns like a torch!
You regained 2 hp, and now have 63/140 hp.
You barely miss the quicksilver dragon. You claw the quicksilver dragon.
You peck the quicksilver dragon.
The quicksilver dragon breathes dispelling energy at you.
The bolt of dispelling energy misses you.
You regained 2 hp, and now have 65/140 hp.
You miss the quicksilver dragon. You claw the quicksilver dragon.
Your peck misses the quicksilver dragon.
You block the storm dragon's attack. The storm dragon closely misses you.
The storm dragon completely misses you.
Your reaper hits the storm dragon from afar with a scythe of distortion!!
Space bends around the storm dragon.
You regained 3 hp, and now have 68/140 hp.
You miss the quicksilver dragon. You peck the quicksilver dragon.
The quicksilver dragon bites you.
You block the quicksilver dragon's attack.
You closely miss the quicksilver dragon.
Your kick misses the quicksilver dragon.
Your peck misses the quicksilver dragon.
You block the storm dragon's attack. x2; The storm dragon tramples you!
You are shoved backwards!
You take 11 damage, and have 57/140 hp.
You closely miss the quicksilver dragon.
Your peck misses the quicksilver dragon.
The quicksilver dragon bites you!
You block the quicksilver dragon's attack.
The storm dragon completely misses you. The storm dragon closely misses you.
You block the storm dragon's attack.
You take 8 damage, and have 49/140 hp.
You whack the quicksilver dragon!
Your peck misses the quicksilver dragon.
You regained 3 hp, and now have 52/140 hp.
You whack the quicksilver dragon!
Your kick misses the quicksilver dragon.
You block the quicksilver dragon's attack.
The quicksilver dragon completely misses you.
The storm dragon completely misses you.
The storm dragon claws you but does no damage.
You block the storm dragon's attack.
Your reaper hits the storm dragon from afar with a scythe of distortion!!
The storm dragon blinks!
You regained 2 hp, and now have 54/140 hp.
You whack the quicksilver dragon!
Your kick misses the quicksilver dragon.
The quicksilver dragon completely misses you.
The quicksilver dragon misses you.
You regained 2 hp, and now have 56/140 hp.
You barely miss the quicksilver dragon. You peck the quicksilver dragon.
You regained 2 hp, and now have 58/140 hp.
You feel magic returning to you.
a - the +9 morningstar of the Sun (weapon)
{crush, +Fly rF+ Dex+3} The quicksilver dragon bites you!
You block the quicksilver dragon's attack.
The storm dragon breathes lightning at you.
The bolt of lightning hits you!
* * * LOW HITPOINT WARNING * * *
You take 50 damage, and have 8/140 hp.
MASSIVE DAMAGE!!
The quicksilver dragon breathes dispelling energy at you.
The bolt of dispelling energy hits you!
Your magical effects are unravelling.
You die...

♣..............###.......## #....
..........................###..##
.....>.........................##
..............................##
..............................###
............♣....D.2..>.........#
........P≈≈P.♣.............>.....
........≈≈.≈..P...D.............#
.....:.P.≈≈♣≈...@................
........≈♣≈≈≈§§§#........(.....#.
........≈≈≈≈♣§§§.................
##.......≈≈≈≈§§§.................
##....♣..♣≈≈...........[........
##.......♣....P..................
.#.......♣...................)...
..........♣♣................##...
............PP...................


You could see a storm dragon, a quicksilver dragon and a friendly reaper.

Vanquished Creatures
  Saint Roka (Vaults:1)
  Nikola (Vaults:1)
  the Enchantress (Depths:1)
  Jorgrun (Vaults:2)
  Polyphemus (Shoals:4)
  A sphinx (D:13)
  Agnes (D:14)
  A kraken (Shoals:4)
  4 tengu reavers
  4 fire giants
  A storm dragon (Depths:1)
  Ilsuiw (Shoals:4)
  3 frost giants
  A deep elf sorcerer (Vaults:2)
  5 emperor scorpions
  2 vault wardens
  4 ghost moths
  Aizul (Shoals:4)
  An orc warlord (D:13)
  3 spriggan defenders (Depths:1)
  12 ironheart preservers
  4 stone giants
  3 very ugly things
  2 large abominations (Vaults:2)
  2 deep elf demonologists
  6 entropy weavers
  The ghost of mcbry the Cleaver, a journeyman MfFi of Okawaru (Shoals:1)
  2 spark wasps
  4 merfolk javelineers
  4 ettins
  A dire elephant (Lair:6)
  A deep elf death mage (Vaults:2)
  A deep elf high priest (D:12)
  5 fire dragons
  12 merfolk impalers
  7 yaktaur captains
  2 rakshasas
  2 ice dragons
  A great orb of eyes (Depths:1)
  A vault guard (D:13)
  7 hydras
  Erolcha (Orc:2)
  Erica (Orc:1)
  2 death knights
  2 catoblepae
  8 centaur warriors
  A spriggan air mage (Depths:1)
  4 merfolk avatars
  17 two-headed ogres
  5 merfolk aquamancers
  4 alligator snapping turtles
  A deep troll shaman (Vaults:3)
  7 ogre magi
  A queen ant (Lair:6)
  A hell hog (Depths:1)
  A vampire mage (Vaults:2)
  5 orc high priests (Orc:2)
  2 tengu warriors
  8 death yaks
  Nergalle (D:11)
  3 deep elf knights
  Sonja (D:10)
  6 skeletal warriors
  A spriggan berserker (Depths:1)
  2 fire crabs (Shoals:1)
  A fire crab (shapeshifter) (Vaults:4)
  2 iron trolls (Depths:1)
  17 sea snakes
  A flayed ghost (Vaults:2)
  6 deep trolls
  4 deep elf archers
  6 unseen horrors
  33 harpies
  17 orc knights
  5 wizards
  2 necromancers
  12 ironbrand convokers
  10 ugly things
  A lindwurm (Lair:6)
  3 phantasmal warriors
  A lindwurm (shapeshifter) (Vaults:2)
  17 orb spiders
  36 wolf spiders
  3 orc sorcerers
  11 cyclopes
  9 deep elf magi
  5 manticores
  6 fauns
  A stone giant zombie (D:15)
  A salamander (shapeshifter) (Vaults:4)
  A moth of wrath (Spider:4)
  Maurice (D:9)
  12 merfolk sirens
  3 black mambas
  A fire giant skeleton (D:15)
  A water nymph (shapeshifter) (D:13)
  A guardian serpent (shapeshifter) (D:15)
  5 elephants (Lair:3)
  2 ice statues (IceCv)
  11 vault sentinels
  A molten gargoyle (Volcano)
  7 water nymphs
  A komodo dragon (shapeshifter) (Vaults:1)
  A gargoyle (D:12)
  2 rime drakes (D:15)
  17 spiny frogs
  5 freezing wraiths
  5 komodo dragons
  3 kobold demonologists
  8 demonic crawlers
  3 efreet
  A tengu conjurer (Depths:1)
  A yaktaur zombie (D:15)
  17 yaktaurs
  25 merfolk
  6 trolls
  2 human skeletons (Vaults:3)
  A troll (shapeshifter) (Vaults:2)
  31 jumping spiders
  A meliai (shapeshifter) (Depths:2)
  9 polar bears (Lair:6)
  10 hornets
  4 wind drakes
  A yaktaur skeleton (D:15)
  9 blink frogs
  6 raiju (Lair:6)
  A tengu simulacrum (Vaults:3)
  10 dream sheep
  14 hippogriffs
  A meliai zombie (D:11)
  19 slime creatures
  11 snapping turtles
  A dream sheep (shapeshifter) (Vaults:1)
  3 wraiths
  103 redbacks
  3 spriggans (Depths:1)
  A shadow (D:15)
  A human (D:8)
  A yak (shapeshifter) (Vaults:1)
  A fire bat (Shoals:1)
  39 tarantellas
  6 basilisks
  Grum (D:11)
  22 yaks
  5 vampires
  Eustachio (D:6)
  7 water elementals
  4 wyverns
  3 hogs (D:8)
  3 vampire mosquitoes (D:15)
  A human simulacrum (Vaults:2)
  5 hungry ghosts
  11 wargs
  A warg (shapeshifter) (Vaults:1)
  An acid dragon (Vaults:1)
  11 soldier ants (Lair:6)
  19 hell hounds
  5 porcupines
  12 water moccasins
  43 orc warriors
  13 ice beasts
  5 sky beasts
  An ettin simulacrum (Vaults:3)
  An eye of draining (D:12)
  15 black bears
  A necrophage (D:6)
  5 phantoms
  11 boggarts
  16 centaurs
  40 wolves
  21 ogres
  16 crocodiles
  5 big kobolds
  19 bullfrogs
  An earth elemental (Lair:3)
  5 scorpions
  15 killer bees
  7 wights (D:6)
  4 electric eels
  4 howler monkeys
  9 crimson imps
  A quasit (D:9)
  3 centaur zombies
  A wyvern simulacrum (D:12)
  9 hounds
  2 bullfrog skeletons
  3 bullfrog zombies
  32 orc priests
  A jelly (D:5)
  4 centaur skeletons
  19 orc wizards
  7 hell rats (Lair:6)
  34 worker ants
  8 ogre zombies (D:12)
  2 hound skeletons
  A worker ant zombie (D:10)
  4 gnolls (D:3)
  15 adders
  5 shadow imps
  An adder zombie (D:8)
  2 worms
  5 dart slugs
  8 leopard geckos
  114 orcs
  A ball python (D:3)
  10 bats
  2 giant cockroaches
  15 goblins
  9 hobgoblins
  15 jackals
  6 quokkas
  5 frilled lizards
  A goblin skeleton (D:12)
  3 goblin zombies (D:12)
  2 hobgoblin skeletons (D:12)
  A hobgoblin zombie (D:12)
  A jackal skeleton (D:6)
  27 kobolds
  5 orc skeletons (D:12)
  13 orc zombies (D:12)
  8 rats
  A fungus (Lair:6)
  2 plants (Shoals:3)
  A tentacle (Shoals:4)
1621 creatures vanquished.

Vanquished Creatures (collateral kills)
  A shard shrike (Shoals:3)
  A fire giant (Vaults:4)
  A very ugly thing (Vaults:3)
  A deep elf annihilator (Vaults:3)
  A merfolk javelineer (Shoals:4)
  A merfolk impaler (Shoals:4)
  3 two-headed ogres (Vaults:3)
  2 tengu warriors (Depths:1)
  An ogre mage (Vaults:3)
  3 spriggan berserkers (Depths:1)
  A deep troll shaman (Depths:1)
  A deep elf knight (Vaults:2)
  3 deep trolls
  An ugly thing (Vaults:3)
  A deep elf mage (Vaults:4)
  4 merfolk (Shoals:4)
  A jumping spider (Vaults:4)
  A tarantella (Spider:4)
  2 water elementals (Shoals:4)
  An acid dragon (Vaults:1)
  A hell hound (Depths:1)
  An orc warrior (Vaults:3)
  3 ogres
  An orc (Vaults:3)
37 creatures vanquished.

Vanquished Creatures (others)
  An eldritch tentacle (Shoals:4)
  An ironbrand convoker (Vaults:4)
  A wolf spider (Spider:2)
  A yaktaur (Vaults:2)
  2 fire vortices
  11 fungi
  19 plants
  7 tentacles (Shoals:4)
43 creatures vanquished.

Grand Total: 1701 creatures vanquished

Notes
Turn   | Place    | Note
-------+----------+-------------------------------------------
     0 | D:1      | Gorglomux the Tengu Air Elementalist began the quest for the Orb.
     0 | D:1      | Reached XP level 1. HP: 10/10 MP: 4/4
   272 | D:1      | Reached skill level 2 in Conjurations
   320 | D:1      | Reached XP level 2. HP: 12/15 MP: 6/6
   648 | D:1      | Reached XP level 3. HP: 15/19 MP: 7/7
   829 | D:1      | Reached skill level 3 in Conjurations
  1140 | D:2      | Learned a level 3 spell: Static Discharge
  1269 | D:2      | Found a glowing golden altar of the Shining One.
  1271 | D:2      | Found a hide-covered altar of Uskayaw.
  1348 | D:2      | Reached XP level 4. HP: 24/24 MP: 3/8
  1472 | D:2      | Found a shattered altar of Ashenzari.
  1481 | D:2      | Became a worshipper of Ashenzari the Shackled
  1890 | D:2      | Learned a level 4 spell: Airstrike
  2009 | D:3      | Reached skill level 5 in Air Magic
  2079 | D:3      | Reached skill level 4 in Conjurations
  2098 | D:3      | Gained mutation: You can fly. [Tengu growth]
  2098 | D:3      | Reached XP level 5. HP: 27/28 MP: 2/10
  2375 | D:3      | Reached skill level 3 in Spellcasting
  2437 | D:3      | Found a deep blue altar of Sif Muna.
  2595 | D:3      | Reached skill level 5 in Conjurations
  2604 | D:3      | HP: 4/28 [orc/flail (7)]
  2732 | D:3      | Reached * piety under Ashenzari
  2772 | D:3      | Found Zin's Purification Station.
  2775 | D:3      | Found a glowing silver altar of Zin.
  2782 | D:3      | Bought a potion of curing for 90 gold pieces
  2828 | D:3      | Reached XP level 6. HP: 32/32 MP: 3/11
  3134 | D:4      | Found Seeb's Armour Boutique.
  3194 | D:4      | Found an ornate altar of the Wu Jian Council.
  3227 | D:4      | Found Wofoogar's Antique Armour Emporium.
  3279 | D:4      | Found Rimewin's Antique Armour Emporium.
  3366 | D:4      | Found an opulent altar of Gozag.
  3433 | D:4      | Reached skill level 6 in Air Magic
  3483 | D:4      | Found Rekuez's Antique Weapon Boutique.
  3510 | D:4      | Found Gufar's Food Shop.
  3808 | D:4      | Found a blossoming altar of Fedhas.
  4080 | D:4      | Reached skill level 6 in Conjurations
  4154 | D:4      | Reached XP level 7. HP: 33/36 MP: 5/13
  4257 | D:5      | Entered Level 5 of the Dungeon
  4314 | D:5      | Reached ** piety under Ashenzari
  4384 | D:5      | Learned a level 5 spell: Lightning Bolt
  4566 | D:5      | Reached skill level 1 in Fighting
  4568 | D:5      | Reached skill level 2 in Fighting
  4568 | D:5      | Reached skill level 7 in Conjurations
  4689 | D:5      | Found Waag's General Store.
  4730 | D:5      | Found a white marble altar of Elyvilon.
  5329 | D:5      | Reached skill level 4 in Spellcasting
  5329 | D:5      | Reached skill level 7 in Air Magic
  5329 | D:5      | Reached XP level 8. HP: 45/45 MP: 1/15
  5648 | D:6      | Noticed a hippogriff
  5656 | D:6      | Killed a hippogriff
  5656 | D:6      | Reached skill level 3 in Fighting
  5899 | D:6      | Reached skill level 4 in Fighting
  6078 | D:6      | Reached skill level 8 in Conjurations
  6081 | D:6      | Reached skill level 8 in Air Magic
  6195 | D:6      | Noticed Eustachio
  6201 | D:6      | Killed Eustachio
  6201 | D:6      | Reached skill level 5 in Fighting
  6201 | D:6      | Reached skill level 5 in Spellcasting
  6201 | D:6      | Reached XP level 9. HP: 53/54 MP: 5/17
  6762 | D:6      | Found a hazy altar of Hepliaklqana.
  6863 | D:6      | Reached skill level 6 in Fighting
  7114 | D:7      | Found a staircase to the Ecumenical Temple.
  7245 | D:7      | Reached *** piety under Ashenzari
  7291 | D:7      | Found a shimmering altar of Xom.
  7707 | D:8      | Reached skill level 9 in Conjurations
  7726 | D:8      | Found Kyif's Assorted Antiques.
  7822 | D:8      | Reached skill level 9 in Air Magic
  7824 | D:8      | Reached skill level 7 in Fighting
  7825 | D:8      | Reached skill level 6 in Spellcasting
  7832 | D:8      | Reached XP level 10. HP: 22/63 MP: 1/20
  8326 | D:8      | Reached skill level 8 in Fighting
  8617 | D:8      | Found an ancient bone altar of Kikubaaqudgha.
  8698 | D:9      | Reached skill level 10 in Conjurations
  8699 | D:9      | Found a basalt altar of Yredelemnul.
  9037 | D:9      | Reached skill level 10 in Air Magic
  9110 | D:9      | Reached skill level 3 in Dodging
  9194 | D:9      | Noticed a two-headed ogre
  9211 | D:9      | Killed a two-headed ogre
  9242 | D:9      | Reached skill level 4 in Dodging
  9242 | D:9      | Reached skill level 7 in Spellcasting
  9505 | D:9      | Noticed Maurice
  9510 | D:9      | Killed Maurice
  9580 | D:9      | Reached **** piety under Ashenzari
  9658 | D:9      | Gorglomux: ??ash skill boost
  9658 | D:9      | beem: ashenzari skill boost[1/2]: Ash boosts some of your skills for each level of bondage. The boosts come in three sizes (low, medium, high: see [2]) and also depend on your skill level and piety. Skills cannot increase past level 27.
  9658 | D:9      | Gorglomux: ??ash skill boost[2
  9658 | D:9      | beem: ashenzari skill boost[2/2]: Low: staves+evocations (enhancer staff), shield, dodging+stealth (ER < 6 armour), dodging+armour (ER 6-11 armour), all magic+evoc (jewellery). Medium: weapon, evoc (rod, staff of energy), spellcasting (other staves), armour (ER >= 12 armour). Weapon bonus increased if 2h, armour and jewellery bonuses increased if fully bound.
  9674 | D:9      | Found a snail-covered altar of Cheibriados.
  9712 | D:9      | Found a staircase to the Lair.
  9718 | D:9      | Reached XP level 11. HP: 64/68 MP: 11/22
  9719 | D:9      | Reached skill level 11 in Conjurations
  9721 | D:9      | Reached skill level 11 in Air Magic
  9948 | D:10     | Entered Level 10 of the Dungeon
  9955 | D:10     | HP: 7/68 [troll (11)]
  9955 | D:10     | HP: 1/68 [troll (6)]
  9972 | D:10     | Reached skill level 5 in Dodging
  9982 | D:10     | Noticed a two-headed ogre
 10312 | D:10     | Noticed a two-headed ogre
 10319 | D:10     | Killed a two-headed ogre
 10394 | D:10     | Identified a lightning rod (4/4)
 10461 | D:10     | Killed a two-headed ogre
 10478 | D:10     | Noticed a two-headed ogre
 10485 | D:10     | Killed a two-headed ogre
 10854 | D:10     | Noticed Sonja
 10855 | D:10     | Reached skill level 6 in Dodging
 10862 | D:10     | Killed Sonja
 10862 | D:10     | Reached skill level 8 in Spellcasting
 11238 | D:11     | Noticed a six-headed hydra
 11245 | D:11     | Killed a six-headed hydra
 11245 | D:11     | Reached skill level 12 in Conjurations
 11245 | D:11     | Reached skill level 12 in Air Magic
 11299 | D:11     | Noticed Grum
 11307 | D:11     | Killed Grum
 11441 | D:11     | Noticed a two-headed ogre
 11444 | D:11     | Killed a two-headed ogre
 11546 | D:11     | Noticed a cyclops
 11563 | D:11     | Killed a cyclops
 11563 | D:11     | Reached skill level 7 in Dodging
 11563 | D:11     | Reached XP level 12. HP: 73/73 MP: 19/25
 11846 | D:11     | Noticed Nergalle
 11853 | D:11     | Killed Nergalle
 12233 | D:11     | Found Ranisopni's Antique Weapon Shop.
 12429 | D:5      | Bought a book of Flames for 490 gold pieces
 12429 | D:5      | Bought a scroll of fear for 49 gold pieces
 12429 | D:5      | Bought a scroll of teleportation for 42 gold pieces
 12429 | D:5      | Bought a scroll of recharging for 133 gold pieces
 12463 | D:6      | Learned a level 5 spell: Fireball
 12616 | D:11     | Noticed a six-headed hydra
 12623 | D:11     | Killed a six-headed hydra
 12758 | Lair:1   | Entered Level 1 of the Lair of Beasts
 12760 | Lair:1   | Reached skill level 1 in Fire Magic
 12851 | Lair:1   | Reached skill level 1 in Evocations
 13028 | Lair:1   | Reached skill level 9 in Spellcasting
 13028 | Lair:1   | Reached skill level 13 in Conjurations
 13096 | Lair:1   | Reached skill level 2 in Fire Magic
 13371 | Lair:2   | Noticed an eight-headed hydra
 13375 | Lair:2   | Killed an eight-headed hydra
 13375 | Lair:2   | Reached skill level 8 in Dodging
 13471 | Lair:2   | Found a staircase to the Shoals.
 13520 | Lair:2   | Reached skill level 2 in Evocations
 13693 | Lair:2   | Found a hole to the Spider Nest.
 13897 | Lair:2   | Got the morningstar of the Sun {crush, +Fly rF+ Dex+3}
 13898 | Lair:2   | Identified the +9 morningstar of the Sun {crush, +Fly rF+ Dex+3} (You found it on level 2 of the Lair of Beasts)
 13981 | Lair:2   | Reached skill level 3 in Fire Magic
 14356 | Lair:2   | Reached ***** piety under Ashenzari
 14873 | Lair:2   | Reached skill level 4 in Fire Magic
 14875 | Lair:2   | Reached skill level 1 in Maces & Flails
 15011 | Lair:3   | Reached XP level 13. HP: 80/80 MP: 3/27
 15261 | Lair:3   | Found a dark tunnel.
 15267 | Volcano  | Entered a volcano
 15279 | Volcano  | Reached skill level 9 in Fighting
 15288 | Volcano  | Reached skill level 2 in Maces & Flails
 16585 | Lair:4   | Reached skill level 9 in Dodging
 17954 | Lair:5   | Reached skill level 3 in Maces & Flails
 18383 | Lair:5   | Reached skill level 5 in Fire Magic
 18427 | Lair:5   | Found a viscous altar of Jiyva.
 18428 | Lair:5   | Found a staircase to the Slime Pits.
 18603 | Lair:6   | Entered Level 6 of the Lair of Beasts
 19020 | Lair:6   | Reached skill level 14 in Conjurations
 19078 | Lair:6   | Reached ****** piety under Ashenzari
 19089 | Lair:6   | Reached skill level 10 in Fighting
 19278 | Lair:6   | Reached skill level 10 in Spellcasting
 19278 | Lair:6   | Reached skill level 4 in Maces & Flails
 19471 | Lair:6   | Noticed an entropy weaver
 19472 | Lair:6   | Killed an entropy weaver
 19490 | Lair:6   | Noticed an entropy weaver
 20108 | Lair:6   | Killed an entropy weaver
 20108 | Lair:6   | Gained mutation: You can fly continuously. [Tengu growth]
 20108 | Lair:6   | Reached XP level 14. HP: 75/88 MP: 6/29
 20429 | Lair:6   | Reached skill level 6 in Fire Magic
 20543 | Lair:6   | Reached skill level 10 in Dodging
 20949 | Lair:6   | Reached skill level 11 in Fighting
 21090 | Lair:6   | Noticed a dire elephant
 21316 | Lair:6   | Reached skill level 15 in Conjurations
 21603 | Lair:6   | Killed a dire elephant
 22451 | D:12     | Noticed a frost giant
 22451 | D:12     | Noticed a frost giant
 22451 | D:12     | Noticed a sphinx
 22454 | D:12     | Found a blossoming altar of Fedhas.
 22490 | D:12     | Noticed a fire giant
 22753 | D:12     | Found Nytuikage's Food Boutique.
 22981 | D:12     | Reached skill level 7 in Fire Magic
 23049 | D:12     | Found a staircase to the Orcish Mines.
 23681 | D:12     | HP: 15/91 [??? (12)]
 23682 | D:12     | HP: 6/91 [fire giant/fireball (10)]
 23954 | D:12     | Killed a fire giant
 23954 | D:12     | Reached skill level 3 in Stealth
 24093 | D:12     | Killed a frost giant
 24093 | D:12     | Reached XP level 15. HP: 96/96 MP: 19/30
 24151 | D:12     | Reached skill level 12 in Fighting
 24229 | D:12     | Killed a frost giant
 24229 | D:12     | Reached skill level 11 in Spellcasting
 24408 | D:13     | Noticed an orc warlord
 24446 | D:13     | Noticed a fire giant
 24450 | D:13     | Noticed a tengu reaver
 24487 | D:13     | Paralysed by a great orb of eyes for 5 turns
 24643 | D:13     | Killed an orc warlord
 24646 | D:13     | HP: 24/96 [tengu reaver/glaive (9)]
 24647 | D:13     | HP: 8/96 [tengu reaver/glaive (20)]
 24657 | D:13     | HP: 13/96 [tengu reaver/glaive (29)]
 24661 | D:13     | Killed a tengu reaver
 24661 | D:13     | Reached skill level 11 in Dodging
 24661 | D:13     | Reached skill level 4 in Stealth
 24902 | D:13     | Killed a fire giant
 25012 | D:13     | Killed a sphinx
 25012 | D:13     | Reached skill level 8 in Fire Magic
 25047 | D:13     | HP: 1/97 [ogre mage/crystal spear (57)]
 25132 | D:13     | HP: 23/97 [slime creature (11)]
 25430 | D:13     | Identified the +6 long sword of Blood-Lust {pain, rPois MR+ Int+2 Stlth+}
 25629 | D:13     | Found a gate to the Vaults.
 25729 | D:13     | Reached skill level 5 in Stealth
 26640 | D:14     | Noticed Agnes
 26766 | D:14     | Reached skill level 16 in Conjurations
 26974 | D:14     | Noticed Roxanne
 27012 | D:14     | Killed Agnes
 27346 | D:15     | Entered Level 15 of the Dungeon
 27410 | D:15     | Found a frozen archway.
 27432 | IceCv    | Entered an ice cave
 27436 | IceCv    | Reached skill level 13 in Fighting
 27632 | D:15     | Reached XP level 16. HP: 104/104 MP: 10/32
 28155 | D:15     | Reached skill level 5 in Maces & Flails
 28378 | D:15     | Reached skill level 9 in Fire Magic
 28428 | D:15     | Found a stormy altar of Qazlal.
 28463 | D:15     | Found a staircase to the Depths.
 28927 | Orc:1    | Entered Level 1 of the Orcish Mines
 28969 | Orc:1    | Noticed Erica
 28980 | Orc:1    | Killed Erica
 28980 | Orc:1    | Reached skill level 6 in Stealth
 29055 | Orc:1    | Found a bloodstained altar of Trog.
 29297 | Orc:2    | Entered Level 2 of the Orcish Mines
 29297 | Orc:2    | Found a staircase to the Elven Halls.
 29389 | Orc:2    | Noticed Erolcha
 29403 | Orc:2    | Killed Erolcha
 29555 | Orc:2    | Reached skill level 6 in Maces & Flails
 29824 | Orc:2    | Reached skill level 12 in Dodging
 29969 | Orc:2    | Reached skill level 1 in Shields
 30124 | Orc:2    | Reached skill level 2 in Shields
 30671 | Orc:2    | Found Mesen's Assorted Antiques.
 30674 | Orc:2    | Found Aplirghai's Distillery.
 30675 | Orc:2    | Found Ovirawkups's Antique Armour Emporium.
 30676 | Orc:2    | Found Voapuwn's Jewellery Shoppe.
 30684 | Orc:2    | Bought the ring "Imiatowa" {rElec MR+ Int+5 Stlth+} for 714 gold pieces
 30688 | Orc:2    | Bought a runed buckler for 255 gold pieces
 30922 | Spider:1 | Entered Level 1 of the Spider Nest
 30933 | Lair:2   | Reached skill level 7 in Maces & Flails
 31055 | Lair:2   | Reached skill level 3 in Shields
 31175 | Lair:2   | HP: 23/105 [wolf spider (9)]
 31180 | Lair:2   | HP: 20/105 [poisoned by a wolf spider]
 31390 | Spider:1 | HP: 23/105 [demonic crawler (13)]
 31580 | Spider:1 | Reached skill level 14 in Fighting
 31583 | Spider:1 | Reached skill level 4 in Shields
 31937 | Spider:1 | Learned a level 2 spell: Blink
 32109 | D:8      | Bought a hardcover book for 450 gold pieces
 32243 | Spider:1 | HP: 25/106 [redback (12)]
 32248 | Spider:1 | HP: 24/106 [redback (5)]
 32251 | Spider:1 | Reached skill level 5 in Shields
 32252 | Spider:1 | HP: 9/106 [redback (15)]
 32258 | Spider:1 | HP: 18/106 [/static electricity (2)]
 32263 | Spider:1 | HP: 14/106 [poisoned by a redback]
 32263 | Spider:1 | HP: 6/106 [redback (8)]
 32268 | Spider:1 | HP: 14/106 [poisoned by a redback]
 32273 | Spider:1 | HP: 24/106 [poisoned by a redback]
 32559 | Spider:2 | Reached XP level 17. HP: 111/111 MP: 15/33
 32585 | Spider:1 | Reached skill level 12 in Spellcasting
 32738 | Spider:2 | Reached skill level 8 in Maces & Flails
 33051 | Spider:2 | Reached skill level 6 in Shields
 33138 | Spider:2 | HP: 25/111 [tarantella (8)]
 33143 | Spider:2 | HP: 22/111 [jumping spider (2)]
 33855 | Spider:2 | Reached skill level 7 in Shields
 34628 | Spider:3 | Reached skill level 9 in Maces & Flails
 34628 | Spider:3 | Reached skill level 8 in Shields
 34978 | Spider:4 | Entered Level 4 of the Spider Nest
 35069 | Spider:3 | HP: 27/112 [jumping spider (18)]
 35494 | Spider:4 | Learned a level 2 spell: Sublimation of Blood
 35500 | Spider:4 | Learned a level 5 spell: Irradiate
 35735 | Spider:4 | Reached skill level 13 in Dodging
 35774 | Spider:4 | Reached skill level 9 in Shields
 36107 | Spider:4 | HP: 16/112 [redback (14)]
 36325 | Spider:4 | Reached skill level 15 in Fighting
 36330 | Spider:4 | PeterMcNeter: do you have the robe of vines equipped?
 36330 | Spider:4 | Gorglomux: yep
 36330 | Spider:4 | PeterMcNeter: nice
 36436 | Spider:4 | Reached skill level 10 in Maces & Flails
 36680 | Spider:4 | Reached XP level 18. HP: 75/119 MP: 6/35
 36990 | Spider:4 | Reached skill level 10 in Shields
 37062 | Spider:4 | Got a gossamer rune of Zot
 37140 | Spider:4 | PeterMcNeter: does ambrosia qualify as potion heal?
 37143 | Spider:4 | Gorglomux: let me try
 37143 | Spider:4 | Gorglomux: i don't think so
 37154 | Spider:4 | Gorglomux: yes i think
 37177 | Spider:4 | PeterMcNeter: yeah it said it rejected it
 37293 | Shoals:1 | Entered Level 1 of the Shoals
 37748 | D:4      | Bought a shield for 117 gold pieces
 38071 | Shoals:1 | Noticed mcbry's ghost (journeyman MfFi)
 38104 | Shoals:1 | Killed mcbry's ghost
 38196 | Shoals:1 | Reached skill level 11 in Shields
 38208 | Shoals:1 | Learned a level 6 spell: Deflect Missiles
 38318 | Shoals:1 | Reached skill level 1 in Charms
 38409 | Shoals:1 | Reached skill level 11 in Maces & Flails
 39249 | Shoals:2 | Reached skill level 2 in Charms
 39275 | Shoals:2 | HP: 16/119 [merfolk impaler/trident of protection (16)]
 39280 | Shoals:2 | HP: 25/119 [poisoned by a merfolk]
 39302 | Shoals:2 | HP: 16/119 [sea snake (21)]
 40094 | Shoals:3 | Reached skill level 1 in Necromancy
 40110 | Shoals:3 | HP: 28/119 [alligator snapping turtle (26)]
 40290 | Shoals:3 | Learned a level 3 spell: Regeneration
 40374 | Shoals:3 | Reached skill level 2 in Necromancy
 40431 | Shoals:3 | Identified the ring "Cillixk Unam" {-Tele +Fly Int+4 Dex+3 Slay+2}
 40462 | Shoals:3 | Reached skill level 12 in Shields
 40586 | Shoals:3 | Identified the ring "Cyunes" {rElec rPois Int-3 Slay+2}
 40648 | Shoals:3 | Identified the cursed +0 plate armour "Emiff" {rN+++ Str-2 Int+2 Stlth+}
 41047 | Shoals:4 | Entered Level 4 of the Shoals
 41093 | Shoals:4 | Reached skill level 13 in Spellcasting
 41093 | Shoals:4 | Reached skill level 3 in Necromancy
 41162 | Shoals:4 | Identified the +2 leather armour of Curiosity {*Contam rElec rN+++ Str+4}
 41224 | Shoals:4 | Reached XP level 19. HP: 74/124 MP: 20/37
 41287 | Shoals:4 | Identified Kelyevei's Collected Works on the Sinister Voyage
 41300 | Shoals:4 | Learned a level 6 spell: Simulacrum
 41313 | Shoals:4 | Noticed Ilsuiw
 41331 | Shoals:4 | Noticed Aizul
 41360 | Shoals:4 | Killed Aizul
 41370 | Shoals:4 | Killed Ilsuiw
 41370 | Shoals:4 | Reached skill level 1 in Ice Magic
 41373 | Shoals:4 | Noticed Bai Suzhen
 41377 | Shoals:4 | Reached skill level 4 in Necromancy
 41527 | Shoals:3 | Noticed Bai Suzhen
 41527 | Shoals:3 | Bai Suzhen changed into Bai Suzhen the shard shrike
 41539 | Shoals:3 | HP: 27/125 [Bai Suzhen the shard shrike (17)]
 41541 | Shoals:3 | Killed Bai Suzhen the shard shrike
 41541 | Shoals:3 | Reached skill level 12 in Maces & Flails
 41700 | Shoals:4 | Reached skill level 2 in Ice Magic
 41900 | Shoals:4 | Identified a lightning rod (2/4)
 41910 | Shoals:4 | Reached skill level 5 in Necromancy
 42042 | Shoals:4 | HP: 22/125 [merfolk impaler/trident of freezing (18)]
 42077 | Shoals:4 | Reached skill level 3 in Ice Magic
 42257 | Shoals:4 | Noticed Polyphemus
 42275 | Shoals:4 | Reached skill level 6 in Necromancy
 42280 | Shoals:4 | Killed Polyphemus
 42317 | Shoals:4 | HP: 25/125 [death yak[Polyphemus] (23)]
 42349 | Shoals:4 | Reached skill level 4 in Ice Magic
 42804 | Shoals:4 | Reached skill level 16 in Fighting
 42881 | Shoals:4 | Got a barnacled rune of Zot
 43474 | Vaults:1 | Entered Level 1 of the Vaults
 43483 | Vaults:1 | Reached skill level 7 in Necromancy
 43710 | Vaults:1 | Noticed Nikola
 43736 | Vaults:1 | HP: 27/125 [the demon whip "Spellbinder" (22)]
 43752 | Vaults:1 | Killed Nikola
 43978 | Vaults:1 | Reached skill level 5 in Ice Magic
 44437 | Vaults:1 | Reached skill level 8 in Necromancy
 44621 | Vaults:1 | Noticed Saint Roka
 44651 | Vaults:1 | Killed Saint Roka
 45180 | Vaults:2 | Reached XP level 20. HP: 132/132 MP: 38/38
 45378 | Vaults:2 | Reached skill level 6 in Ice Magic
 45573 | Vaults:2 | Reached skill level 9 in Necromancy
 45793 | Vaults:2 | Noticed Jorgrun
 45819 | Vaults:2 | HP: 30/132 [orc warrior/trident[an orc knight] (12)]
 45821 | Vaults:2 | Killed Jorgrun
 45822 | Vaults:2 | Found a staircase to the Crypt.
 46214 | Vaults:2 | Reached skill level 7 in Ice Magic
 46439 | Vaults:2 | Reached skill level 10 in Necromancy
 46613 | Vaults:2 | Gained mutation: Your mind is acute. (Int +2) [mutagenic glow]
 46617 | Vaults:2 | HP: 14/132 [large abomination[an ironheart preserver] (35)]
 46641 | Vaults:2 | Reached skill level 14 in Spellcasting
 47717 | Vaults:3 | Reached skill level 14 in Dodging
 48057 | Vaults:3 | PeterMcNeter: is the spell that kinda looks like damnation mutagenic radiation?
 48062 | Vaults:3 | Gorglomux: its irradiate
 48062 | Vaults:3 | Reached XP level 21. HP: 138/138 MP: 26/40
 48063 | Vaults:3 | PeterMcNeter: oh yeah thats what i meant lol
 48063 | Vaults:3 | Gorglomux: thats really efficient
 48063 | Vaults:3 | PeterMcNeter: never used that
 48063 | Vaults:3 | Gorglomux: but cintaminate you
 48117 | Vaults:3 | Gorglomux: so you use it like 4 times and you get yellow contaminated
 48313 | Vaults:3 | Reached skill level 17 in Fighting
 49400 | Vaults:4 | Gorglomux: i just need one book and i won
 49414 | Vaults:4 | Gorglomux: the fire one with ignition and ring of flames
 49703 | Vaults:4 | Gorglomux: alright, doing a little break
 49703 | Vaults:4 | PeterMcNeter: ignition sounds awesome, i should try running it sometime
 49703 | Vaults:4 | Gorglomux: thats broken
 49926 | Depths:1 | Entered Level 1 of the Depths
 50043 | Depths:1 | Noticed the Enchantress
 50050 | Depths:1 | Reached skill level 15 in Spellcasting
 50051 | Depths:1 | Killed the Enchantress
 50051 | Depths:1 | Identified the +6 faerie dragon scales {rPois rCorr} (You took it off the Enchantress on level 1 of the Depths)
 50051 | Depths:1 | Reached skill level 15 in Dodging
 51035 | Depths:1 | Found a gateway to Hell.
 51185 | Depths:1 | HP: 8/140 [storm dragon/bolt of lightning (37)]
 51186 | Depths:1 | Killed from afar by a quicksilver dragon

Vault maps used:
D:1:      doesnt_arrival_goblin_jail
D:2:      chequers_temple_overflow_statue_of_worship, ashenzari_altar_1,
          minmay_pentomino_v2
D:3:      zin_purify, marbit_many_paths, first_bread, minivault_23
D:4:      kennysheep_the_goblin_king, nicolae_gozag_seed_capital,
          lemuel_coloured_pillars_altar, serial_shops, shop, shop,
          nicolae_shop_waterfront, nicolae_shop_temple_entry_statues_fountains,
          shop, fedhas_altar_fruit_tree
D:5:      old_standard_altar, serial_shops, shop_fountains,
          hangedman_decor_push, corexii_shack
D:6:      lemuel_round_altar, solitary_fountain,
          hangedman_abyss_or_decor_stagger, dk_noncrumbling_4, uniq_eustachio
D:7:      nicolae_overflow_crystal_walls, minmay_temple_entry_statues_fountains,
          nrook_mini_backslash, hangedman_abyss_or_decor_lesser_grid
D:8:      old_standard_altar, serial_shops,
          nicolae_shop_temple_entry_statues_fountains, minmay_crystal_room,
          grunt_livestock
D:9:      cheibriados_altar_1, david_lair_generic, yredelemnul_altar_generic,
          uniq_maurice
D:10:     minmay_door_square, kennysheep_generic_room_9, uniq_sonja
D:11:     serial_shops, nicolae_shop_overgrown_old_shop, uniq_grum,
          uniq_nergalle
D:12:     zombieorc2_lemuel, serial_shops, nicolae_shop_trees,
          minmay_the_grid_triangle_9x9_recursive_2_mashed
D:13:     david_vaults_5, minmay_diamond_spiral
D:14:     corexii_leaking_fountain, uniq_agnes, uniq_roxanne
D:15:     gammafunk_depths_entry_grave, portal_ice_cave_rime, basic_altar,
          minmay_misc_feat_pillars
Lair:2:   elwin_shoals_entry_rocks, spider_nest_entry_rubble
Lair:3:   enter_volcano_1, grunt_megastairs_3
Lair:5:   dpeg_slime_entry_enclosed_altar, minivault_26,
          gammafunk_lair_bear_cave
Lair:6:   hangedman_lair_caniforms_friends, nicolae_quartered_pool_little,
          minmay_another_anthill
Shoals:1: hangedman_shoal_volcano
Shoals:3: nicolae_shoals_siren_and_animal_friends
Shoals:4: shoals_end_grunt_ice, shoal_ilsuiw, uniq_bai_suzhen, uniq_aizul,
          uniq_polyphemus
Spider:1: spider_trap
Spider:2: guppyfry_spider_mini_1, hangedman_spider_tarantella_strand
Spider:4: spider_rune_water, nicolae_spider_cling_ruins
Orc:1:    basic_altar, uniq_erica
Orc:2:    st_orc_pillars, uniq_erolcha
Vaults:1: ontoclasm_vaults_decontamination, v_misc_22,
          vaults_standard_mumra_lines, vaults_standard_mumra_enter_the_diamond,
          nicolae_vaults_mini_display_case, uniq_saint_roka, uniq_nikola
Vaults:2: vaults_mumra_hex, nicolae_vaults_network_star, st_octagons_1,
          v_rooms_2, vaults_mumra_lcd, minmay_crypt_entry_vampire_xt,
          ontoclasm_vaults_bender, vaults_dpeg_diagonal,
          hangedman_vaults_impose, nicolae_vaults_bisected_slash,
          nicolae_vaults_little_ls, ontoclasm_vaults_ring_small, serial_ice_b,
          uniq_jorgrun
Vaults:3: vaults_room_ringed_pool, v_pattern_4, v_alt_pattern_4,
          nicolae_vaults_little_squares_3, nicolae_vaults_big_angled_halls,
          vaults_room_stairs_pillars, hangedman_vaults_nails,
          nicolae_vaults_little_squares_4
Vaults:4: nicolae_vaults_puzzle_piece, hangedman_vaults_stream, v_misc_15,
          ontoclasm_vaults_misaligned, hangedman_vaults_river_flow, v_misc_2,
          hangedman_vaults_capsules, v_misc_33, ontoclasm_vaults_twist,
          nicolae_vaults_lopsided_apartments, v_misc_13, v_misc_17,
          vaults_room_stairs_pillars, hangedman_vaults_impose
Depths:1: grunt_hell_horde, serial_bayou_pond_a, minmay_hedge_maze,
          kennysheep_cluttered_room, grunt_decor_fettered, minmay_holes,
          kennysheep_crisscross, minmay_guarded_unrand_wrath_of_trog,
          uniq_enchantress
Depths:2: minmay_strange_plus, grunt_decor_clamped, serial_shops, shop,
          pf_hell_entry_tar_spiral
IceCv:    ice_cave_statue_garden_teleport
Volcano:  volcano_aerie

Skill      XL: |  1  2  3  4  5  6  7  8  9 10 11 12 13 14 15 16 17 18 19 20 21 |
---------------+----------------------------------------------------------------+-----
Conjurations   | 2 3 4 5 6 7 8 9 10 12 13 14 15 16 | 16.1
Air Magic      | 5 6 7 8 9 10 12 | 12.7
Spellcasting   | 3 4 5 6 7 8 9 10 11 12 13 14 15 | 15.3
Fighting       | 2 5 7 8 10 11 13 14 15 16 17 | 17.7
Dodging        | 4 7 8 9 10 11 12 13 14 15 | 15.4
Fire Magic     | 4 5 7 8 9 |  9.2
Evocations     | 2 |  2.0
Maces & Flails | 1 4 7 10 11 12 | 12.0
Stealth        | 3 5 6 |  6.2
Shields        | 5 9 12 | 12.4
Charms         | 2 |  2.4
Necromancy     | 3 8 10 | 10.3
Ice Magic      | 5 7 |  7.6

Action                   |  1- 3 |  4- 6 |  7- 9 | 10-12 | 13-15 | 16-18 | 19-21 || total
-------------------------+-------+-------+-------+-------+-------+-------+-------++-------
Melee: Short sword       |    22 |    23 |       |       |       |       |       ||    45
       Unarmed           |     1 |       |       |       |       |       |       ||     1
       Kick              |     2 |     6 |    22 |    43 |   187 |   487 |   599 ||  1346
       Peck              |     1 |     3 |    11 |    26 |   118 |   313 |   375 ||   847
       Halberd           |       |    11 |    75 |   173 |       |       |       ||   259
       Morningstar       |       |       |       |    29 |   599 |  1382 |  1340 ||  3350
       Demon whip        |       |       |       |       |     5 |    57 |   233 ||   295
 Cast: Shock             |    54 |    82 |    52 |   111 |    70 |    11 |       ||   380
       Static Discharge  |       |    14 |    28 |    67 |   112 |   130 |     6 ||   357
       Airstrike         |       |       |    11 |    15 |       |       |       ||    26
       Lightning Bolt    |       |       |    13 |    45 |   100 |    57 |    23 ||   238
       Fireball          |       |       |       |    20 |   109 |    97 |    16 ||   242
       Blink             |       |       |       |       |       |     1 |       ||     1
       Irradiate         |       |       |       |       |       |    31 |    67 ||    98
       Sublimation of Bl |       |       |       |       |       |    13 |       ||    13
       Regeneration      |       |       |       |       |       |    10 |    58 ||    68
       Deflect Missiles  |       |       |       |       |       |     2 |     3 ||     5
       Simulacrum        |       |       |       |       |       |       |    71 ||    71
Invok: Curse Item        |       |       |     2 |     3 |     2 |     1 |       ||     8
       Scrying           |       |       |       |       |     5 |       |     1 ||     6
 Abil: Fly               |       |       |       |       |       |     1 |       ||     1
Evoke: Wand              |       |       |       |     6 |    10 |     7 |     5 ||    28
       Phantom mirror    |       |       |       |       |     1 |       |       ||     1
       Lightning rod     |       |       |       |       |       |     2 |     2 ||     4
       Staff of energy   |       |       |       |       |       |     2 |     3 ||     5
  Use: Scroll            |     3 |     1 |     4 |    11 |    23 |    13 |     4 ||    59
       Potion            |       |       |     1 |     2 |     2 |     5 |     1 ||    11
 Stab: Sleeping          |     1 |       |       |       |    10 |     8 |    16 ||    35
       Invisible         |       |       |       |     1 |       |       |       ||     1
       Distracted        |       |       |       |       |     1 |    16 |    10 ||    27
       Paralysed         |       |       |       |       |       |       |     6 ||     6
  Eat: Chunk             |     2 |    10 |    17 |    35 |    82 |    57 |    54 ||   257
       Fruit             |       |       |     2 |       |       |       |     2 ||     4
       Royal jelly       |       |       |       |     5 |     3 |    11 |     5 ||    24
Armor: Robe              |     9 |    28 |    43 |   115 |   167 |   286 |   121 ||   769
Dodge: Dodged            |    29 |    47 |    75 |   343 |   972 |  2236 |  1503 ||  5205
       Deflected         |       |       |       |       |       |     9 |    17 ||    26
Block: Buckler           |       |       |       |       |       |   616 |       ||   616
       Shield            |       |       |       |       |       |   354 |  1609 ||  1963

Vault maps used:
D:1:      doesnt_arrival_goblin_jail
D:2:      chequers_temple_overflow_statue_of_worship, ashenzari_altar_1,
          minmay_pentomino_v2
D:3:      zin_purify, marbit_many_paths, first_bread, minivault_23
D:4:      kennysheep_the_goblin_king, nicolae_gozag_seed_capital,
          lemuel_coloured_pillars_altar, serial_shops, shop, shop,
          nicolae_shop_waterfront, nicolae_shop_temple_entry_statues_fountains,
          shop, fedhas_altar_fruit_tree
D:5:      old_standard_altar, serial_shops, shop_fountains,
          hangedman_decor_push, corexii_shack
D:6:      lemuel_round_altar, solitary_fountain,
          hangedman_abyss_or_decor_stagger, dk_noncrumbling_4, uniq_eustachio
D:7:      nicolae_overflow_crystal_walls, minmay_temple_entry_statues_fountains,
          nrook_mini_backslash, hangedman_abyss_or_decor_lesser_grid
D:8:      old_standard_altar, serial_shops,
          nicolae_shop_temple_entry_statues_fountains, minmay_crystal_room,
          grunt_livestock
D:9:      cheibriados_altar_1, david_lair_generic, yredelemnul_altar_generic,
          uniq_maurice
D:10:     minmay_door_square, kennysheep_generic_room_9, uniq_sonja
D:11:     serial_shops, nicolae_shop_overgrown_old_shop, uniq_grum,
          uniq_nergalle
D:12:     zombieorc2_lemuel, serial_shops, nicolae_shop_trees,
          minmay_the_grid_triangle_9x9_recursive_2_mashed
D:13:     david_vaults_5, minmay_diamond_spiral
D:14:     corexii_leaking_fountain, uniq_agnes, uniq_roxanne
D:15:     gammafunk_depths_entry_grave, portal_ice_cave_rime, basic_altar,
          minmay_misc_feat_pillars
Lair:2:   elwin_shoals_entry_rocks, spider_nest_entry_rubble
Lair:3:   enter_volcano_1, grunt_megastairs_3
Lair:5:   dpeg_slime_entry_enclosed_altar, minivault_26,
          gammafunk_lair_bear_cave
Lair:6:   hangedman_lair_caniforms_friends, nicolae_quartered_pool_little,
          minmay_another_anthill
Shoals:1: hangedman_shoal_volcano
Shoals:3: nicolae_shoals_siren_and_animal_friends
Shoals:4: shoals_end_grunt_ice, shoal_ilsuiw, uniq_bai_suzhen, uniq_aizul,
          uniq_polyphemus
Spider:1: spider_trap
Spider:2: guppyfry_spider_mini_1, hangedman_spider_tarantella_strand
Spider:4: spider_rune_water, nicolae_spider_cling_ruins
Orc:1:    basic_altar, uniq_erica
Orc:2:    st_orc_pillars, uniq_erolcha
Vaults:1: ontoclasm_vaults_decontamination, v_misc_22,
          vaults_standard_mumra_lines, vaults_standard_mumra_enter_the_diamond,
          nicolae_vaults_mini_display_case, uniq_saint_roka, uniq_nikola
Vaults:2: vaults_mumra_hex, nicolae_vaults_network_star, st_octagons_1,
          v_rooms_2, vaults_mumra_lcd, minmay_crypt_entry_vampire_xt,
          ontoclasm_vaults_bender, vaults_dpeg_diagonal,
          hangedman_vaults_impose, nicolae_vaults_bisected_slash,
          nicolae_vaults_little_ls, ontoclasm_vaults_ring_small, serial_ice_b,
          uniq_jorgrun
Vaults:3: vaults_room_ringed_pool, v_pattern_4, v_alt_pattern_4,
          nicolae_vaults_little_squares_3, nicolae_vaults_big_angled_halls,
          vaults_room_stairs_pillars, hangedman_vaults_nails,
          nicolae_vaults_little_squares_4
Vaults:4: nicolae_vaults_puzzle_piece, hangedman_vaults_stream, v_misc_15,
          ontoclasm_vaults_misaligned, hangedman_vaults_river_flow, v_misc_2,
          hangedman_vaults_capsules, v_misc_33, ontoclasm_vaults_twist,
          nicolae_vaults_lopsided_apartments, v_misc_13, v_misc_17,
          vaults_room_stairs_pillars, hangedman_vaults_impose
Depths:1: grunt_hell_horde, serial_bayou_pond_a, minmay_hedge_maze,
          kennysheep_cluttered_room, grunt_decor_fettered, minmay_holes,
          kennysheep_crisscross, minmay_guarded_unrand_wrath_of_trog,
          uniq_enchantress
Depths:2: minmay_strange_plus, grunt_decor_clamped, serial_shops, shop,
          pf_hell_entry_tar_spiral
IceCv:    ice_cave_statue_garden_teleport
Volcano:  volcano_aerie

Table legend:
 A = Turns spent in this place as a percentage of turns spent in the entire game.
 B = Non-inter-level travel turns spent in this place as a percentage of non-inter-level travel turns spent in the entire game.
 C = Inter-level travel turns spent in this place as a percentage of turns spent in this place.
 D = Turns resting spent in this place as a percentage of non-inter-level travel turns spent in this place.
 E = Turns spent auto-exploring this place as a percentage of non-inter-level travel turns spent in this place.
 F = Non-inter-level travel turns spent in this place divided by the number of levels of this place that you've seen.
                   A       B       C       D       E      F
               +-------+-------+-------+-------+-------+----------------------
         Total | 100.0 | 100.0 |   0.5 |   4.6 |   6.5 | 422.8
       Dungeon |  31.8 |  31.6 |   0.9 |   5.8 |   8.9 | 347.9
          Lair |  13.5 |  13.5 |   0.4 |   8.6 |   6.6 | 370.8
        Shoals |  15.8 |  15.8 |   0.3 |   2.2 |   4.3 | 651.5
   Spider Nest |  14.2 |  14.2 |   0.4 |   4.6 |   4.0 | 585.0
  Orcish Mines |   5.6 |   5.6 |   0.3 |   2.6 |   7.0 | 461.5
        Vaults |  14.9 |  15.0 |   0.2 |   2.3 |   6.6 | 617.0
        Depths |   3.6 |   3.6 |   0.2 |   2.4 |   4.4 | 296.0
      Ice Cave |   0.5 |   0.5 |   0.0 |   2.4 |   0.0 |  82.0
       Volcano |   0.2 |   0.2 |   0.0 |   5.9 |   0.0 |  34.0
               +-------+-------+-------+-------+-------+----------------------

Table legend:
 A = Kills in this place as a percentage of kills in entire the game.
 B = Kills by you in this place as a percentage of kills by you in the entire game.
 C = Kills by friends in this place as a percentage of kills by friends in the entire game.
 D = Other kills in this place as a percentage of other kills in the entire game.
 E = Experience gained in this place as a percentage of experience gained in the entire game.
 F = Experience gained in this place divided by the number of levels of this place that you have seen.
                   A       B       C       D       E      F
               +-------+-------+-------+-------+-------+----------------------
         Total | 100.0 | 100.0 | 100.0 | 100.0 | 100.0 | 14669.3
       Dungeon |  32.2 |  33.0 |   0.0 |   0.0 |  15.2 | 5792.5
          Lair |  15.1 |  15.5 |   0.0 |   0.0 |  10.2 | 9701.0
        Shoals |  11.2 |  10.9 |  24.3 |   0.0 |  19.9 | 28529.5
   Spider Nest |  14.3 |  14.5 |   2.7 |  33.3 |  15.4 | 22067.8
  Orcish Mines |   6.8 |   6.9 |   0.0 |   0.0 |   3.5 | 10044.5
        Vaults |  16.0 |  15.2 |  48.6 |  66.7 |  27.4 | 39194.5
        Depths |   3.7 |   3.3 |  24.3 |   0.0 |   7.7 | 22109.5
      Ice Cave |   0.6 |   0.6 |   0.0 |   0.0 |   0.5 | 2765.0
       Volcano |   0.1 |   0.1 |   0.0 |   0.0 |   0.1 | 768.0
               +-------+-------+-------+-------+-------+----------------------
